Cogmind - Beta 10.2 @@@ ROGUE MODE // 2021.06.08 @ 11:47:17 Player: Demise Result: Destroyed by 7V-RTL with Dispersion Rifle Performance ------------- Evolutions (1) 500 Regions Visited (6) 1200 Robots Destroyed (80) 400 Value Destroyed (1412) 1412 Prototype IDs (42) 840 Alien Tech Used (0) 0 Bonus (298) 298 TOTAL SCORE: 4650 Bonus ------- Follower Combat Kills 7 Aligned with FarCom 300 Friendly Fire -9 Cogmind --------- Core Integrity 0/400 Matter 169/300 Energy 150/150 System Corruption 0% Temperature Cool (66) Movement Walking (190) Ox2 Location -8/Mines Parts ------- > --- POWER (1) -------- Light Neutrino Core > --- PROPULSION (2) --- Makeshift Leg Advanced Myomer Leg > --- UTILITY (4) ------ High-capacity Storage Unit High-capacity Storage Unit High-capacity Storage Unit Makeshift Armor Plating > --- WEAPON (2) ------- Heavy Assault Rifle Improved Assault Rifle > --- INVENTORY (28) --- Carbon-fiber Leg Makeshift Leg High-capacity Storage Unit High-capacity Matter Pod (200) Experimental Sensor Array Advanced Signal Interpreter Experimental Targeting Computer Advanced Launcher Guidance Computer Advanced Core Analyzer Armor Integrity Analyzer Improved Armor Integrity Analyzer EX Chip 1 EX Chip 1 EX Chip 2 EX Chip 2 Advanced Component Analysis Suite Decoy Drone Bay (16/16) Chronowheel Heavy Assault Rifle 8R-AWN's Boregun Mini Grenade Launcher Datajack Mining Laser Makeshift Hammer Peak State ------------ > --- POWER ------------ Light Neutrino Core > --- PROPULSION ------- Makeshift Leg Advanced Myomer Leg > --- UTILITY ---------- High-capacity Storage Unit High-capacity Storage Unit High-capacity Storage Unit High-capacity Storage Unit > --- WEAPON ----------- AWS/Gauss > --- INVENTORY -------- Makeshift Power Source Makeshift Power Source Makeshift Power Source Makeshift Power Source Makeshift Power Source Cold Fusion Reactor Carbon-fiber Leg Makeshift Leg Medium Storage Unit High-capacity Storage Unit High-capacity Storage Unit High-capacity Storage Unit High-capacity Matter Pod Experimental Sensor Array Advanced Signal Interpreter Experimental Targeting Computer Advanced Launcher Guidance Computer Advanced Core Analyzer Armor Integrity Analyzer Improved Armor Integrity Analyzer Makeshift Armor Plating Advanced Component Analysis Suite Heavy Assault Rifle Heavy Assault Rifle Improved Assault Rifle Improved Assault Rifle Improved Assault Rifle Improved Assault Rifle Improved Assault Rifle 8R-AWN's Boregun Mini Grenade Launcher Makeshift Hammer Deploy-a-Sentry [Rating: 52] Favorites ----------- Power Improved Ion Engine Engine Improved Ion Engine Power Core Light Nuclear Core Propulsion Light Treads Treads Light Treads Leg Advanced Myomer Leg Utility High-capacity Storage Unit Device Improved Heat Sink Storage High-capacity Storage Unit Processor Armor Integrity Analyzer Protection Hardened Light Armor Plating Weapon Light Assault Rifle Energy Gun Medium Laser Ballistic Gun Light Assault Rifle Launcher Mini Grenade Launcher Special Melee Weapon Datajack Build | -11 -10 -10 -9 -9 -9 -8 ------- Run | Scr Mat Min Mat Min Exi Min Slots Evolved 2 | . . . 2 . . . Power . | . . . . . . . Propulsion . | . . . . . . . Utility 2 | . . . 2 . . . Weapon . | . . . . . . . Parts Attached 103 | 6 26 5 27 . 37 2 Power 16 | 1 7 1 4 . 3 . Engine 13 | 1 7 . 4 . 1 . Core 3 | . . 1 . . 2 . Reactor . | . . . . . . . Propulsion 23 | 2 7 1 7 . 6 . Treads 18 | 2 7 1 7 . 1 . Leg 5 | . . . . . 5 . Wheel . | . . . . . . . Hover . | . . . . . . . Flight . | . . . . . . . Utility 33 | 1 5 . 7 . 19 1 Device 1 | . 1 . . . . . Storage 19 | 1 3 . 1 . 14 . Processor 6 | . . . 4 . 2 . Hackware . | . . . . . . . Protection 7 | . 1 . 2 . 3 1 Artifact . | . . . . . . . Weapon 31 | 2 7 3 9 . 9 1 Energy Gun 2 | 1 1 . . . . . Energy Cannon . | . . . . . . . Ballistic Gun 23 | 1 5 3 7 . 6 1 Ballistic Cannon . | . . . . . . . Launcher 5 | . 1 . 2 . 2 . Special Weapon . | . . . . . . . Impact Weapon . | . . . . . . . Slashing Weapon . | . . . . . . . Piercing Weapon . | . . . . . . . Special Melee Weapon 1 | . . . . . 1 . Unidentified Prototypes . | . . . . . . . Parts Lost 18 | . 2 2 3 . 10 1 Power 2 | . . . . . 2 . Propulsion 4 | . . . 1 . 3 . Utility 4 | . . . 1 . 3 . Weapon 8 | . 2 2 1 . 2 1 Highest Loss Streak 4 | . 2 2 2 . 4 1 Average Slot Usage (%) 97 | . 98 100 98 100 92 100 Engine 7 | . 13 2 5 11 7 . Core 3 | . . 11 5 . 2 11 Treads 21 | . 27 28 21 22 14 . Leg 2 | . . . . . 7 22 Storage 30 | . 20 28 32 33 34 38 Processor 3 | . . . 5 . 6 . Protection 3 | . 2 . 5 11 2 5 Ballistic Gun 19 | . 23 28 20 22 11 22 Special Melee Weapon 1 | . . . . . 5 . Naked Turns . | . . . . . . . Heaviest Build 146 | 12 71 72 114 114 146 142 Greatest Support 50 | 40 40 40 40 40 50 50 Greatest Overweight (x) 3 | 2 1 1 2 2 3 2 Average Overweight (x) 1 | . . 1 1 2 2 2 Largest Inventory Capacity 36 | 6 20 20 28 28 36 36 Average Capacity 24 | 4 14 20 27 28 29 32 Most Carried 36 | 5 19 20 28 28 36 36 Average Carried 21 | 3 12 19 26 28 22 30 Final Capacity 36 | 6 20 20 28 28 36 28 Final Carried 36 | 5 19 20 28 28 36 25 Class Distribution -------------------- 83% | Hauler-Mutant 13% | Mutant Dominant Class ---------------- Hauler-Mutant | -10/Materials Hauler-Mutant | -10/Mines Hauler-Mutant | -9/Materials Hauler-Mutant | -9/Mines Hauler-Mutant | -9/Exiles Hauler-Mutant | -8/Mines Resources | -11 -10 -10 -9 -9 -9 -8 ----------- Run | Scr Mat Min Mat Min Exi Min Matter Collected 2575 | 367 569 102 771 28 738 . Remotely . | . . . . . . . Salvage Created 2511 | 197 666 124 1068 36 420 . Parts 202 | 13 44 8 83 4 50 . Haulers Intercepted 4 | . 2 . 2 . . . Recyclers Shooed 5 | . 1 . 4 . . . Parts Field Recycled . | . . . . . . . Retrieved Matter . | . . . . . . . Parts Self-Destructed . | . . . . . . . Prevented . | . . . . . . . Kills | -11 -10 -10 -9 -9 -9 -8 ------- Run | Scr Mat Min Mat Min Exi Min Combat Hostiles Destroyed 45 | . 16 3 20 2 4 . Guns 36 | . 13 3 14 2 4 . AOE 9 | . 3 . 6 . . . Classes Destroyed 13 | 3 5 . 2 . 3 . Worker 4 | 2 1 1 . . . . Builder 1 | . . . 1 . . . Tunneler 6 | 5 . . 1 . . . Hauler 4 | . 2 . 2 . . . Recycler 5 | 1 1 . 3 . . . Operator 2 | . 2 . . . . . Turret 1 | . . . . . 1 . Watcher 5 | . 1 . 4 . . . Swarmer 16 | . 6 1 7 2 . . Grunt 20 | . 10 2 8 . . . Sentry 5 | . . . 5 . . . Zionite 8 | . . . . . 8 . Assembled 3 | . . . . . 3 . Best Kill Streak 7 | 5 7 2 4 2 7 . Combat Bots Only 6 | . 6 2 4 2 2 . Max Kills in Single Turn 4 | 1 4 1 2 1 1 . Gunslinging . | . . . . . . . Exploded 3 | . 3 . 2 . . . Melee . | . . . . . . . Uniques/NPCs Destroyed 4 | . . . . . 4 . 8R-AWN (-9/Exiles) EX-HEX (-9/Exiles) EX-BIN (-9/Exiles) EX-DEC (-9/Exiles) Combat | -11 -10 -10 -9 -9 -9 -8 -------- Run | Scr Mat Min Mat Min Exi Min Damage Taken 4259 | . 589 405 1032 35 1680 518 Core 577 | . 86 89 145 12 172 73 Absorbed by Shields . | . . . . . . . Core Remaining (%) 65 | 100 . 30 . . . . Volleys Fired 258 | 15 85 21 84 4 38 11 Largest 2 | 2 2 2 2 2 2 2 Hottest 70 | 70 70 40 46 46 46 46 Shots Fired 566 | 30 160 42 163 8 141 22 Gun 558 | 30 159 42 158 8 139 22 Cannon . | . . . . . . . Launcher 8 | . 1 . 5 . 2 . Special . | . . . . . . . Kinetic 511 | 15 127 42 158 8 139 22 Thermal 47 | 15 32 . . . . . Explosive 8 | . 1 . 5 . 2 . Electromagnetic . | . . . . . . . Robot Hit Streak 37 | 10 8 15 16 2 37 14 Robot Miss Streak 6 | 1 6 2 6 4 2 2 Penetration Max 1 | . . . . . 1 . Secondary Targets 5 | . 1 . 2 2 . . Max Gunslinging Chain 1 | . 1 . 1 1 . . Autonomous 68 | . . . . . 68 . Shots Hit Robots 411 | 20 95 34 111 3 130 18 Core Hits 160 | 9 47 14 50 2 35 3 Critical Hits 4 | . 1 . . . 3 . Critical Kills 4 | . 1 . . . 3 . Critical Parts Destroyed . | . . . . . . . Melee Attacks 4 | . . . . . 4 . Impact . | . . . . . . . Slashing . | . . . . . . . Piercing . | . . . . . . . Sneak Attacks 4 | . . . . . 4 . Combat Hostiles . | . . . . . . . Follow-up Attacks . | . . . . . . . Damage Inflicted 6656 | 226 1047 299 1922 77 2835 250 Guns 5906 | 226 827 290 1433 77 2803 250 Cannons . | . . . . . . . Explosions 741 | . 220 . 489 . 32 . Melee . | . . . . . . . Ramming 9 | . . 9 . . . . Kinetic 5483 | 61 569 290 1433 77 2803 250 Thermal 423 | 165 258 . . . . . Explosive 741 | . 220 . 489 . 32 . Electromagnetic . | . . . . . . . Impact . | . . . . . . . Slashing . | . . . . . . . Piercing . | . . . . . . . Highest Corruption . | . . . . . . . Average Corruption . | . . . . . . . Corruption Purged . | . . . . . . . Overload Shots . | . . . . . . . Overflow Damage 33 | . . . 33 . . . Projectiles . | . . . . . . . Explosions 33 | . . . 33 . . . Melee . | . . . . . . . Knockbacks . | . . . . . . . Impact . | . . . . . . . Kinetic . | . . . . . . . Secondary . | . . . . . . . Self-Inflicted Damage 94 | . 26 . 30 . 38 . Shots 3 | . 1 . 1 . 1 . Rammed 2 | . . 2 . . . . Targets Rammed 2 | . . 2 . . . . Kicked . | . . . . . . . Crushed . | . . . . . . . Highest Temperature 163 | 110 163 18 27 12 . 57 Average Temperature 20 | 38 29 8 9 9 . 33 Received Heat Transfer 891 | . 216 207 378 . . 90 Siege Activations . | . . . . . . . Robots Corrupted . | . . . . . . . Combat Hostiles . | . . . . . . . Parts Fried . | . . . . . . . Impact Corruptions . | . . . . . . . Robots Melted . | . . . . . . . Combat Hostiles . | . . . . . . . Parts Melted 1 | . 1 . . . . . Heat Transferred 1246 | 481 765 . . . . . Parts Sabotaged . | . . . . . . . Parts Stolen . | . . . . . . . Parts Stripped . | . . . . . . . Power Chain Reactions . | . . . . . . . Missiles Intercepted . | . . . . . . . Alert | -11 -10 -10 -9 -9 -9 -8 ------- Run | Scr Mat Min Mat Min Exi Min Peak Influence 332 | 40 332 123 297 97 . 2 Initial 97 | . 26 58 7 97 . . Average 120 | 17 184 37 132 92 . . Maximum Alert Level 1 | . 1 . 1 . . . Low Security (%) 79 | 100 65 100 69 100 . 100 Level 1 20 | . 34 . 30 . . . Level 2 . | . . . . . . . Level 3 . | . . . . . . . Level 4 . | . . . . . . . Level 5 . | . . . . . . . High Security . | . . . . . . . Max Security . | . . . . . . . Squads Dispatched 5 | . 3 1 1 . . . Investigation 3 | . 1 1 1 . . . Extermination . | . . . . . . . Reinforcement 2 | . 2 . . . . . Assault . | . . . . . . . Garrison . | . . . . . . . Intercept . | . . . . . . . Construction Impeded . | . . . . . . . Haulers Reinforced . | . . . . . . . Stealth | -11 -10 -10 -9 -9 -9 -8 --------- Run | Scr Mat Min Mat Min Exi Min Distress Signals 3 | . 2 . 1 . . . Communications Jammed . | . . . . . . . Distress Signals . | . . . . . . . Times Spotted 104 | . 37 10 30 4 22 1 Peak Tracking Total 9 | . 7 3 6 4 9 1 Tactical Retreats 8 | . 3 1 1 . 3 . Traps | -11 -10 -10 -9 -9 -9 -8 ------- Run | Scr Mat Min Mat Min Exi Min Traps Triggered 4 | . 4 . . . . . Indirectly . | . . . . . . . Trap Hack Attempts . | . . . . . . . Triggered . | . . . . . . . Disarmed . | . . . . . . . Reprogrammed . | . . . . . . . Reused 3 | . . . . . 3 . Traps Extracted . | . . . . . . . Installed 4 | . . . . . 4 . Triggered . | . . . . . . . Exploded 3 | . . . . . 3 . Machines | -11 -10 -10 -9 -9 -9 -8 ---------- Run | Scr Mat Min Mat Min Exi Min Machines Disabled 15 | . 1 . 2 . 12 . Max in Single Turn 2 | . 1 . 2 . 1 . Machines Sabotaged . | . . . . . . . Garrisons Compromised . | . . . . . . . Overloaded Fab Kills . | . . . . . . . Fab Network Shutdowns . | . . . . . . . Hacking | -11 -10 -10 -9 -9 -9 -8 --------- Run | Scr Mat Min Mat Min Exi Min Machines Accessed 25 | . 10 2 11 . 2 . Terminals 15 | . 7 1 7 . . . Fabricators . | . . . . . . . Repair Stations 3 | . 1 . 2 . . . Recycling Units 2 | . 2 . . . . . Scanalyzers 2 | . . . 2 . . . Garrison Access . | . . . . . . . Total Hacks 82 | . 38 6 36 . 2 . Successful 49 | . 21 3 23 . 2 . Failed 32 | . 17 3 12 . . . Catastrophic 2 | . 1 1 . . . . Database Lockouts 1 | . . . 1 . . . Manual 47 | . 22 5 19 . 1 . Terminals 58 | . 30 5 23 . . . Fabricators . | . . . . . . . Repair Stations 9 | . 3 . 6 . . . Recycling Units 5 | . 5 . . . . . Scanalyzers 7 | . . . 7 . . . Garrison Access . | . . . . . . . Terminal Hacks 18 | . 8 3 5 . 2 . Record 1 | . . . . . 1 . Part Schematic 3 | . 1 2 . . . . Robot Analysis 4 | . 2 . 2 . . . Prototype ID Bank 2 | . 1 . 1 . . . Open Door 1 | . . 1 . . . . Level Access Points 1 | . 1 . . . . . Terminal Index 2 | . 1 . 1 . . . Locate Traps 1 | . . . 1 . . . Hauler Manifests 1 | . 1 . . . . . Zone Layout 1 | . 1 . . . . . EX-Prototype ID Bank 1 | . . . . . 1 . Fabricator Hacks . | . . . . . . . Repair Station Hacks 8 | . 2 . 6 . . . Scan Component 4 | . 1 . 3 . . . Repair 4 | . 1 . 3 . . . Recycling Unit Hacks 2 | . 2 . . . . . Retrieve Components 2 | . 2 . . . . . Scanalyzer 5 | . . . 5 . . . Insert Component 3 | . . . 3 . . . Analyze 2 | . . . 2 . . . Garrison Access Hacks . | . . . . . . . Unauthorized Hacks 16 | . 9 . 7 . . . Terminals 14 | . 7 . 7 . . . Assimilate 1 | . 1 . . . . . Botnet 12 | . 5 . 7 . . . Operators 1 | . 1 . . . . . Fabricators . | . . . . . . . Repair Stations . | . . . . . . . Recycling Units 2 | . 2 . . . . . Recyclers 1 | . 1 . . . . . Mask 1 | . 1 . . . . . Scanalyzers . | . . . . . . . Garrison Access . | . . . . . . . Data Cores Recovered . | . . . . . . . Used . | . . . . . . . Hacking Detections 20 | . 9 1 10 . . . Full Trace Events 3 | . 1 1 1 . . . Feedback Events . | . . . . . . . Feedback Blocked . | . . . . . . . Robot Schematics Acquired . | . . . . . . . Robots Built . | . . . . . . . Matter . | . . . . . . . Time . | . . . . . . . Total Robot Build Rating . | . . . . . . . Part Schematics Acquired 5 | . 1 2 2 . . . Parts Built . | . . . . . . . Matter . | . . . . . . . Time . | . . . . . . . Total Part Build Rating . | . . . . . . . Parts Repaired 4 | . 1 . 3 . . . Time 104 | . 26 . 78 . . . Parts Recycled . | . . . . . . . Recycled Matter . | . . . . . . . Retrieved Matter . | . . . . . . . Retrieved Components 6 | . 6 . . . . . Parts Scanalyzed 2 | . . . 2 . . . Part Schematics Acquired 2 | . . . 2 . . . Parts Damaged . | . . . . . . . Bothacking | -11 -10 -10 -9 -9 -9 -8 ------------ Run | Scr Mat Min Mat Min Exi Min Used RIF Installer . | . . . . . . . Robots Hacked 4 | . . . . . 4 . Non-combat 3 | . . . . . 3 . Combat 1 | . . . . . 1 . Robot Hacks Applied 4 | . . . . . 4 . parse_system 4 | . . . . . 4 . Relay Couplers Released . | . . . . . . . Robots Rewired . | . . . . . . . Allies Hacked . | . . . . . . . Hacks Repelled . | . . . . . . . Allies | -11 -10 -10 -9 -9 -9 -8 -------- Run | Scr Mat Min Mat Min Exi Min Total Allies 5 | . . . . 5 . . Largest Group 5 | . . . . 5 5 . Highest-Rated Group 81 | . . . . 81 81 . Highest-Rated Ally 31 | . . . . 31 31 . Total Orders 4 | . . . . . 4 . STAY 2 | . . . . . 2 . ROAM 1 | . . . . . 1 . FOLLOW 1 | . . . . . 1 . Ally Attacks 30 | . . . . 5 6 19 Total Damage 1001 | . . . . 64 18 919 Kills 2 | . . . . 1 1 . Allies Corrupted . | . . . . . . . Allies Melted . | . . . . . . . Turrets Deployed 1 | . . . . . . 1 Intel | -11 -10 -10 -9 -9 -9 -8 ------- Run | Scr Mat Min Mat Min Exi Min Robot Analysis Total 4 | . 2 . 2 . . . Derelict Logs Recovered 3 | . . 2 . 1 . . Drone Launches . | . . . . . . . Drone Recoveries . | . . . . . . . Exploration | -11 -10 -10 -9 -9 -9 -8 ------------- Run | Scr Mat Min Mat Min Exi Min Turns Passed 8265 | 131 1767 1090 1830 653 2713 81 Spaces Moved 3724 | 61 822 557 722 284 1256 22 Core 30 | 30 . . . . . . Treads 3138 | 31 822 557 722 284 722 . Legs 556 | . . . . . 534 22 Wheels . | . . . . . . . Hover . | . . . . . . . Flight . | . . . . . . . Fastest Speed 50 | 50 160 180 180 200 120 190 Average Speed 185 | 120 169 180 198 200 191 190 Slowest Speed 220 | 160 180 180 200 200 220 190 Overloaded Moves . | . . . . . . . Propulsion Burnouts . | . . . . . . . Robots Hopped . | . . . . . . . Cave-ins Triggered . | . . . . . . . Exploration Rate (%) 61 | 4 97 97 65 66 89 9 Regions Visited 6 Branch Regions 4 Pre-discovered Areas 1 | . . . . . 1 . Known Exits Taken 2 | . . 1 1 . . . Unknown Exits Taken 4 | 1 1 . . 1 1 . Scrap Searched 2 | . . 1 . 1 . . Spaces Dug . | . . . . . . . Terrain Destroyed 50 | . 7 . 35 . 8 . Melee . | . . . . . . . Projectile 5 | . . . . . 5 . AOE 45 | . 7 . 35 . 3 . Terrain Rammed . | . . . . . . . Walls Destroyed . | . . . . . . . Machines Disabled . | . . . . . . . Actions | -11 -10 -10 -9 -9 -9 -8 --------- Run | Scr Mat Min Mat Min Exi Min Total 4655 | 90 1063 613 980 363 1500 46 Wait 344 | . 93 14 102 74 61 . Move 3719 | 60 821 557 721 283 1255 22 Hop . | . . . . . . . Pick Up 108 | 8 17 7 24 1 51 . Fast Attach 27 | 4 12 1 3 . 7 . Attach 34 | 2 2 3 9 . 16 2 Detach 17 | . 3 1 5 . 7 1 Swap 42 | . 12 1 15 . 14 . Drop 97 | 1 18 7 17 1 43 10 Fire 258 | 15 85 21 84 4 38 11 Melee 4 | . . . . . 4 . Ram . | . . . . . . . Kick . | . . . . . . . Crush 1 | . . 1 . . . . Escape Stasis . | . . . . . . . Rewire . | . . . . . . . Trap 4 | . . . . . 4 . Miscellaneous . | . . . . . . . Route ------- -11/Scrapyard -10/Materials (discovered 4 exits: *Mat x3 / *Min) -10/Mines (discovered 2 exits: *Mat x2) -9/Materials (discovered 3 exits: *Mat / *Min / [*Sto]) -9/Mines (discovered 2 exits: *Mat / *Exi) -9/Exiles -8/Mines History --------- Turn | Location | Event 2 | -11/Scrapyard | Met Revision 17 8 | -11/Scrapyard | Discovered new exit (range 14) 132 | -11/Scrapyard | Entered Materials 305 | -10/Materials | Build established: Mutant 494 | -10/Materials | Discovered new exit (range 11) 764 | -10/Materials | Repaired Lgt. Treads 875 | -10/Materials | Discovered new exit (range 3) 947 | -10/Materials | Discovered new exit (range 7) 1215 | -10/Materials | Discovered new exit (range 10) 1327 | -10/Materials | Build established: Hauler-Mutant 1626 | -10/Materials | Identified exit to Materials 1899 | -10/Materials | Entered Mines 1964 | -10/Mines | Discovered exit to Materials (range 9) 1966 | -10/Mines | Met a Derelict bent on vengeance 1996 | -10/Mines | Core integrity fell below 50% 2137 | -10/Mines | Learned 2 Materials zone layouts 2471 | -10/Mines | Found a hidden stash of uninstalled traps 2703 | -10/Mines | A weapon hastily lodged in a ceiling crevice suddenly fell to the ground 2812 | -10/Mines | Found the Drone Emporium 2834 | -10/Mines | Found Prototype Device 2989 | -10/Mines | Entered Materials 2989 | -9/Materials | Evolved 2 slots: Utility x2 3153 | -9/Materials | Identified Decoy Drone Bay 3256 | -9/Materials | Repaired Assault Rifle 3283 | -9/Materials | Repaired Lgt. Treads 3571 | -9/Materials | Repaired Lgt. Assault Rifle 3771 | -9/Materials | Discovered new exit (range 16) 3813 | -9/Materials | Identified exit to Materials 4130 | -9/Materials | Central database locked down 4172 | -9/Materials | Discovered new exit (range 5) 4197 | -9/Materials | Identified exit to Mines 4698 | -9/Materials | Discovered new exit (range 11) 4819 | -9/Materials | Entered Mines 4881 | -9/Mines | Discovered exit to Materials (range 7) 5098 | -9/Mines | Assisted by bots powering up and referring to "LRC-V3" 5226 | -9/Mines | Learned Materials trap positions 5275 | -9/Mines | Found a damaged Exp. Sensor Array with a note attached 5279 | -9/Mines | Found Prototype Device 5351 | -9/Mines | Assembled infested the area 5356 | -9/Mines | Assisted by a Guerilla fighting off Assembled 5390 | -9/Mines | Deemed a non-threat by the Exiles lab entrance 5390 | -9/Mines | Discovered new exit (range 5) 5472 | -9/Mines | Entered Exiles 5472 | -9/Exiles | Accompanied by 5 allies 5502 | -9/Exiles | Led the pair of lost Derelicts to a safe place 5522 | -9/Exiles | Met 8R-AWN 5560 | -9/Exiles | Met EX-HEX 5674 | -9/Exiles | Met EX-DEC 5744 | -9/Exiles | Learned location of Zion (-6) 5894 | -9/Exiles | Discovered new exit (range 12) 6153 | -9/Exiles | Met EX-BIN 6186 | -9/Exiles | Aligned with FarCom system 6188 | -9/Exiles | Given EX-Vault access code 6239 | -9/Exiles | Opened EX-Vault 6252 | -9/Exiles | Found AWS/Gauss 6258 | -9/Exiles | Found Latent Energy Streamer 6263 | -9/Exiles | Found Chronowheel 6312 | -9/Exiles | Warned to stay clear of 0b10 Research branches 7016 | -9/Exiles | Attacked by the Exiles 7143 | -9/Exiles | Core integrity fell below 50% 7213 | -9/Exiles | Destroyed 8R-AWN 7218 | -9/Exiles | Found 8R-AWN's Boregun 7228 | -9/Exiles | Found Exp. Targeting Computer 7242 | -9/Exiles | Lost 4 parts (1p2u1w) 7326 | -9/Exiles | Core integrity fell below 20% 7361 | -9/Exiles | Lost 4 parts (1p1n1u1w) 7714 | -9/Exiles | Destroyed EX-HEX 7749 | -9/Exiles | Destroyed EX-BIN 7765 | -9/Exiles | Destroyed EX-DEC 7886 | -9/Exiles | Found Deploy-a-Sentry 8185 | -9/Exiles | Stole two prototypes: Chronowheel, Deploy-a-Sentry 8185 | -9/Exiles | Entered Mines 8211 | -8/Mines | 7V-RTL came to Exiles' defense 8219 | -8/Mines | DAS Turret deployed 8266 | -8/Mines | Destroyed by 7V-RTL with Dispersion Rifle Last Messages --------------- A strange signal echoes through the mines. LOCATION=UNKNOWN GOAL=ESCAPE 08211_ 7V-RTL: "I came as fast as I could... Wait, it was you!" 08218_ Dropped Deploy-a-Sentry. 08219_ DAS Turret deployed. 08222_ Dropped EX Chip 1. 08223_ Dropped Mak. Power Source. 08224_ Dropped Med. Storage Unit. 08225_ Dropped Hcp. Storage Unit. 08227_ Dropped Faulty Imp. Assault Rifle. 08234_ Penetrated by Slug. 08234_ Slug penetrates Wall. 08237_ Penetrated by Slug. 08237_ Slug penetrates Wall. 08243_ Penetrated by Slug. 08257_ Slug penetrates Earth. 08257_ Imp. Assault Rifle destroyed. 08260_ Penetrated by Slug. 08260_ Slug penetrates Earth. Map ----- +----------------------------------------------------+ | ????????????????????????????????????? | | ????????????????????????????????????? | | ????????????????????????????????????? | | ????????????????????????????????????? | | ????????????????????????????????????? | | ????????????????????????????????????? | | ????????????????????????????????????? | | ??????????????????????????#?????????? | | ????????????????????????? #?????????? | | ????????????????????????? #?????????? | | ????????????????????????? #?????????? | | ????????????????????????? #?????????? | | ??????????????????????### #???#?????? | | ?????????????????????## ### #?????? | | ??????????????#####?## #?????? | | ??????????????#; ### #????????? | | ?????????????## #?????????? | | ?????????????#; #??????????? | | ??????????????# t ##??????????? | | ??????????????# ##?#####????? | | ??????????????## ### ##???? | | ???????????????#### Y !!! #???? | | ??????????????????## t*!* #???? | | ???????????????????# !*[ #???? | | ???????????????????# #???? | | ???????????????????## @ #???? | | ????????????????????####;;;;;# #???? | | ???????????????????????## #####???? | | ????????????????????????# ##???????? | | ????????????????????????## #????????? | | ?????????????????????????? #????????? | | ?????????????????????????? ????????? | | ??????????????????????????# ????????? | | ???????????????????????????#????????? | | ????????????????????????????????????? | | ????????????????????????????????????? | | | | | | | | | | | | | | | | | | | | | | | | | | | | | +----------------------------------------------------+ Best States ------------- Heat Dissipation 39 Energy Generation 19 Energy Capacity 265 Matter Stores 300 Matter Capacity 300 Sight Range 18 Terrain Scan Density 10 Armor Coverage 150 Power Shielding 33 Evasion (%) 50 Targeting Accuracy 5 Armor Integrity Analysis 33 Recoil Reduction 2 Item Schematics ----------------- Hcp. Storage Unit | -10/Materials | Hacked Med. Storage Unit | -10/Mines | Hacked Lrg. Storage Unit | -10/Mines | Hacked Imp. Assault Rifle | -9/Materials | Scanalyzed Adv. Signal Interpreter | -9/Materials | Scanalyzed Robot Schematics ------------------ None Fabricated ------------ Nothing Alien Tech Used ----------------- None Achievements -------------- None Challenges ------------ None Game ------ Seed MicroReactiveElectrolaser Manual? 0 Play Time 00:49:37 Cumulative 298.8 hours Start 2021.06.08 @ 10:57:05 End 2021.06.08 @ 11:47:17 Sessions 1 Manual Loads 0 Difficulty Rogue Special Mode None Game No. 261 Rogue 261 Adventurer 0 Explorer 0 Win Type - Total 1 Types 0/0/0/1/0/0/0/0/0 Lore% 66 Gallery% 76 Achievement% 58 Wizard Run 0 Options --------- ASCII 0 Keyboard 1 Movement Numpad Keybinds 0 Fullscreen 1 Font 12/Terminus Map View 83x54 Tactical HUD 1 Map Filters NONE Filters NONE Steam 1 RUN: b052dd00-0230-4803-ba7f-7f1b2b71eb07